 Dungeon Crawl Stone Soup version 0.31-a0-920-g28cbb04a8c (webtiles) character file.

Game seed: 13394827228264721647

132 Demosthentine the Poker (level 4, -1/35 HPs)
             Began as a Demonspawn Gladiator on Oct 18, 2023.
             Slain by a gnoll bouda
             ... wielding a +1 whip of distortion
              (18 damage)
             ... on level 3 of the Dungeon.
             The game lasted 00:03:48 (2459 turns).

Demosthentine the Poker (Demonspawn Gladiator)      Turns: 2459, Time: 00:03:49

Health: -1/35      AC:  5    Str: 16    XL:     4   Next: 92%
Magic:  4/4        EV: 13    Int:  9    God:
Gold:   303        SH:  4    Dex: 15    Spells: 3/3 levels left

rFire   + . .        a - +0 trident
rCold   . . .        (no shield)
rNeg    . . .        b - +0 leather armour
rPois   .            c - +0 helmet
rElec   .            (no cloak)
rCorr   .            (no gloves)
SInv    +            n - +0 pair of boots
Will    .....        (no amulet)
Stlth   +            f - ring of see invisible
HPRegen 0.25/turn    q - ring of protection from fire
MPRegen 0.09/turn

%: no passive effects
@: no status effects
A: powered by death 1, condensation shield
a: no special abilities


You were on level 3 of the Dungeon.
You visited 1 branch of the dungeon, and saw 4 of its levels.

You collected 303 gold pieces.

Inventory:

Hand Weapons
 a - a +0 trident (weapon)
Missiles
 d - a throwing net (quivered)
 e - a javelin
Armour
 b - a +0 leather armour (worn)
 c - a +0 helmet (worn)
 n - a +0 pair of boots (worn)
 p - the +7 Kryia's mail coat {PotionHeal*2 rC+}
   (You found it on level 3 of the Dungeon)

   PotionHeal*2: Potions heal its wearer twice as much.
   rC+:       It protects you from cold.
Jewellery
 f - a ring of see invisible (left hand)
 q - a ring of protection from fire (right hand)
Scrolls
 i - a scroll of blinking
Potions
 g - a potion of invisibility
 h - a potion of brilliance
 j - 2 potions of magic {unknown}
 l - 2 potions of mutation
 m - a potion of might {unknown}
 o - a potion of haste {unknown}


   Skills:
 + Level 3.0 Fighting
 + Level 3.4 Polearms
 - Level 1.7 Throwing
 + Level 1.8 Armour
 + Level 3.4 Dodging


You had 3 spell levels left.
You didn't know any spells.
Your spell library was empty.

Dungeon Overview and Level Annotations

Branches:
Dungeon (4/15)
 Temple: D:4-7

Altars:


Innate Abilities, Weirdness & Mutations

You regenerate a little health from kills.
A meltable shield of frost defends you. (SH +4)


Message History

The giant cockroach is moderately wounded.
The giant cockroach bites you but does no damage.
The gnoll bouda barks out a call to the hunt!
The gnoll picks up the pace!
The giant cockroach closely misses you.
You closely miss the giant cockroach.
The giant cockroach is moderately wounded.
The giant cockroach completely misses you.
You barely miss the giant cockroach.
The giant cockroach bites you but does no damage.
You hit the giant cockroach but do no damage.
Your attacks no longer feel as feeble.
The giant cockroach bites you but does no damage.
You block the giant cockroach's attack.
You closely miss the giant cockroach. The giant cockroach barely misses you.
The gnoll bouda gazes fiercely through you!
You feel your attacks grow feeble.
You hit the giant cockroach.
You kill the giant cockroach!
The gnoll is no longer moving quickly.
The gnoll bouda hits you with a +1 whip of distortion!
Space warps around you.
You climb upwards.
There is a stone staircase leading down, spattered with blood here.
Throw: 3 throwing nets
Press: ? - help, Q - select action, (/) - cycle Shift-Dir - straight line, f - gnoll bouda
Aim: a gnoll bouda, wielding a +1 whip of distortion and wearing a +0 robe (60% to hit)
You throw a throwing net.
The throwing net closely misses the gnoll bouda.
Your attacks no longer feel as feeble.
The gnoll bouda closely misses you.
Throw: 2 throwing nets
Press: ? - help, Q - select action, (/) - cycle Shift-Dir - straight line, f/p - gnoll bouda
Aim: a gnoll bouda, wielding a +1 whip of distortion and wearing a +0 robe (60% to hit)
You throw a throwing net.
The throwing net barely misses the gnoll bouda.
The gnoll bouda hits you with a +1 whip of distortion.
Space warps horribly around you!!
Ouch! That really hurt!
You die...

#...##..# #.# ##.##.#.#.##
#...###.# #.# #..##.#.#.# ###...#
#.# #.# #.....#.#.## ...####
#.######.# #..#....#... ##.#
#.....##.# #..#.....### #.#
#####....# ##..###.#.# #.#
#######..####.[.....#.#
##.######........g..#.#####.#.#
........+.......@.............###
....#####...........#######......
....# #...........# ####### ....#
#...........# ....# #...........#
....# #...........#
....#####...........#
....................#
...[.......##########


You could see a gnoll bouda.

Vanquished Creatures
  5 gnolls (D:3)
  3 adders
  A worm (D:3)
  An orc (D:3)
  3 endoplasms (D:2)
  A giant cockroach (D:4)
  3 goblins
  6 hobgoblins
  3 jackals (D:3)
  4 quokkas
  6 ball pythons
  5 bats
  2 frilled lizards
  7 kobolds
  3 rats
53 creatures vanquished.

Notes
Turn   | Place    | Note
-------+----------+-------------------------------------------
     0 | D:1      | Demosthentine the Demonspawn Gladiator began the quest for
                  | the Orb.
     0 | D:1      | Reached XP level 1. HP: 16/16 MP: 1/1
   214 | D:1      | Gained mutation: A meltable shield of frost defends you.
                  | (SH +4) [demonic ancestry]
   214 | D:1      | Reached XP level 2. HP: 22/22 MP: 2/2
   914 | D:2      | Reached skill level 1 in Armour
  1096 | D:2      | Reached XP level 3. HP: 11/28 MP: 3/3
  1201 | D:2      | Identified the +4 chain mail of the Foremost Lives {Regen+}
  1490 | D:3      | Gained mutation: You regenerate a little health from kills.
                  | [demonic ancestry]
  1490 | D:3      | Reached XP level 4. HP: 22/34 MP: 4/4
  1642 | D:3      | Identified the +4 dagger of the Boiling Point {heavy, rPois
                  | rC+ Will+ Int-4}
  1979 | D:3      | Found the +7 Kryia's mail coat {PotionHeal*2 rC+}
  2271 | D:3      | Found a faded altar of an unknown god.
  2271 | D:3      | Noticed a chaos spawn
  2459 | D:3      | Slain by a gnoll bouda

Illustrated notes

Levels and vault maps discovered:
D:1:      dpeg_cavernosity, layout_rooms, hangedman_decor_diamond_cutter
D:2:      layout_rooms, minmay_divided_ellipse
D:3:      layout_basic, dreamdust_ecumenical_altar_sealed_demon
D:4:      layout_loops_ring, mainiacjoe_overflow_catwalk,
          nemelex_diamond_rough_becter, minmay_misc_feat_pillars,
          grunt_ministairs_11, saegor_snake_ambush

Skill      XL: |  1  2  3  4 |
---------------+-------------+-----
Polearms       | 3 |  3.4
Armour         | 1 |  1.8
Dodging        | 3 |  3.4
Fighting       | 3 |  3.0
Throwing       | |  1.7

Action                     |  1- 3 |  4- 6 || total
---------------------------+-------+-------++-------
  Melee: Trident           |   117 |    84 ||   201
  Throw: Throwing net      |       |     4 ||     4
    Use: Scroll            |     6 |     1 ||     7
         Potion            |     2 |       ||     2
   Stab: Sleeping          |     3 |     1 ||     4
 Armour: Leather armour    |    58 |    41 ||    99
  Dodge: Dodged            |    74 |    41 ||   115
  Block: Other             |    20 |     8 ||    28

Table legend: (Time is in decaauts)
 A = Elapsed time spent in this place.
 B = Non-inter-level travel time spent in this place.
 C = Inter-level travel time spent in this place.
 D = Time resting spent in this place.
 E = Time spent auto-exploring this place.
 F = Levels seen in this place.
 G = Mean time per level.
                   A        B        C        D        E       F      G
               +--------+--------+--------+--------+--------+-----+--------+
         Total |   2489 |   2384 |    105 |    175 |   1773 |   4 |  622.2 |
       Dungeon |   2489 |   2384 |    105 |    175 |   1773 |   4 |  622.2 |
               +--------+--------+--------+--------+--------+-----+--------+

Top non-repeatable levels by time:
     D:3: 983 daAuts
     D:2: 800 daAuts
     D:1: 647 daAuts
     D:4: 57 daAuts
